 Dungeon Crawl Stone Soup version 0.21.1-1-g345015fe64 (webtiles) character file.

111 Mrkan the Covered (level 4, -2/40 HPs)
             Began as a Deep Dwarf Fighter on May 9, 2018.
             Slain by an orc
             ... wielding a +0 hand axe
              (5 damage)
             ... on level 3 of the Dungeon.
             The game lasted 00:05:19 (1949 turns).

Mrkan the Covered (Deep Dwarf Fighter)              Turns: 1949, Time: 00:05:20

Health: -2/40      AC: 11    Str: 21    XL:     4   Next: 62%
Magic:  3/3        EV:  3    Int:  8    God:
Gold:   125        SH:  9    Dex: 12    Spells: 3/3 levels left

rFire    . . .     SeeInvis .   a - +0 flail
rCold    . . .     Gourm    .   c - +0 shield
rNeg     . . .     Faith    .   q - +0 plate armour
rPois    .         Spirit   .   (no helmet)
rElec    .         Reflect  .   (no cloak)
rCorr    .         Harm     .   (no gloves)
MR       .....                  (no boots)
Stlth    ..........             (no amulet)
HPRegen  0.00/turn              (no ring)
MPRegen  0.08/turn              (no ring)

@: non-regenerating
A: damage resistance, heal wounds, sense surroundings 1, no regeneration
a: Heal Wounds


You were on level 3 of the Dungeon.
You were not hungry.

You visited 1 branch of the dungeon, and saw 3 of its levels.

You collected 125 gold pieces.

Inventory:

Hand Weapons
 a - a +0 flail (weapon)
Armour
 b - a +0 scale mail
 c - a +0 shield (worn)
 q - a +0 plate armour (worn)
Jewellery
 l - a cursed ring of loudness {unknown}
Scrolls
 g - a scroll of enchant armour {unknown}
 i - 2 scrolls of identify {unknown}
 j - 2 scrolls of teleportation {unknown}
 k - a scroll of remove curse {unknown}
 n - a scroll of amnesia {unknown}
 p - a scroll of fear {unknown}
Potions
 d - 2 potions of might
 e - a potion of curing {unknown}
 h - a potion of heal wounds {unknown}
 o - a potion of degeneration {unknown}
Comestibles
 f - 4 rations
 m - 17 chunks of flesh


   Skills:
 - Level 2.6 Fighting
 * Level 4.2 Maces & Flails
 + Level 4.3 Armour
 - Level 3.2 Shields


You had 3 spell levels left.
You didn't know any spells.

Dungeon Overview and Level Annotations

Branches:
Dungeon (3/15)

Altars:
Gozag


Innate Abilities, Weirdness & Mutations

You are resistant to damage.
You can heal yourself by infusing magical energy.
You passively map a small area around you.
You do not regenerate.


Message History

* * * LOW HITPOINT WARNING * * *
3 jackals and an orc come into view.
The orc shouts!
The jackal barks!
The jackal moves out of view.
An orc and an orc priest come into view.
The orc shouts!
The orc hits you with a hand axe.
* * * LOW HITPOINT WARNING * * *
There is an open door here.
You block the jackal's attack. x2
The jackal bites you but does no damage.
You hit the orc.
The orc is lightly wounded.
You block the jackal's attack. You block the orc's attack.
The jackal bites you but does no damage. x2
You hit the orc but do no damage.
The orc is lightly wounded.
You block the jackal's attack. The jackal barely misses you.
The orc hits you with a hand axe.
You die...

* * , , , * * * ........ * * * ,
....... . ,, ####.# *
*........... , .....# ,
#....o..... , ########.#,
##.......... #........#
,..o#....... * #.######## *
#hh.o......# *, #)###
#@#.ho.....# #...###
##o#........+...... ..#...#######
#.o......)..##..... ...)........#
#..h#.......##..... .........(.#
#...#.......##..... .≈≈........#
#.........#.##..... ≈..≈.......##
#.........#.##.<...
≈..≈..≈≈...≈###.........#.##.....
..≈..≈..≈..≈≈###+####..##........


You could see an orc priest, 3 orcs and 3 jackals.

Vanquished Creatures
  4 adders
  An adder skeleton (D:3)
  A worm (D:2)
  A leopard gecko (D:2)
  7 orcs (D:3)
  5 bats
  2 giant cockroaches
  4 goblins
  9 hobgoblins
  3 jackals (D:2)
  7 kobolds
  3 ball pythons
  7 frilled lizards
  A jackal skeleton (D:2)
  7 rats
62 creatures vanquished.

Notes
Turn   | Place    | Note
-------+----------+-------------------------------------------
     0 | D:1      | Mrkan the Deep Dwarf Fighter began the quest for the Orb.
     0 | D:1      | Reached XP level 1. HP: 20/20 MP: 1/1
   203 | D:1      | Reached XP level 2. HP: 25/27 MP: 2/2
   913 | D:2      | Reached XP level 3. HP: 22/33 MP: 3/3
   962 | D:2      | Found a faded altar of an unknown god.
   994 | D:2      | Found an opulent altar of Gozag.
  1635 | D:3      | Reached XP level 4. HP: 10/40 MP: 4/4
  1949 | D:3      | Slain by an orc

Skill      XL: |  1  2  3  4 |
---------------+-------------+-----
Maces & Flails | 3 4 |  4.2
Armour         | 4 |  4.3
Fighting       | |  2.6
Shields        | |  3.2

Action                   |  1- 3 |  4- 6 || total
-------------------------+-------+-------++-------
Melee: Flail             |   122 |    82 ||   204
 Abil: Heal Wounds       |       |     1 ||     1
  Eat: Chunk             |     2 |     2 ||     4
Armor: Scale mail        |    65 |       ||    65
       Plate armour      |     7 |   124 ||   131
Dodge: Dodged            |    34 |    25 ||    59
Block: Shield            |    64 |    84 ||   148
